DSL
LOS ANGELES (DSL) ANGELS @ ARIZONA (DSL) DIAMONDBACKS BLACK
06/12/2032
 
TOP OF THE 1ST
Los Angeles (DSL) Angels batting - Pitching for Arizona (DSL) Diamondbacks Black : RHP Juan Alarcon
Pitching: RHP Juan Alarcon
Batting: RHB Jesus Ramon 0-0: Called Strike
0-1: Ball
1-1: Fly out, F9 (Flyball, 9, EV 88.8 MPH)
Batting: SHB David Miramontes 0-0: Ball
1-0: Ground out 6-3 (Groundball, 6MS, EV 67.5 MPH)
Batting: LHB David Ramon 0-0: Called Strike
0-1: Ball
1-1: Swinging Strike
1-2: Foul Ball, location: 2F
1-2: Foul Ball, location: 23FF
1-2: Strikes out swinging
Top of the 1st over - 0 runs, 0 hits, 0 errors, 0 left on base; Los Angeles (DSL) 0 - Arizona (DSL) 0
BOTTOM OF THE 1ST
Arizona (DSL) Diamondbacks Black batting - Pitching for Los Angeles (DSL) Angels : RHP David Alcantara
Pitching: RHP David Alcantara
Batting: LHB Jesus Sandoval 0-0: Called Strike
0-1: Swinging Strike
0-2: Ball
1-2: Ball
2-2: Ball
3-2: SINGLE (Line Drive, 4MD, EV 96.3 MPH)
Batting: SHB Juan Rosas 0-0: Ball
1-0: Ball
Jesus Sandoval steals 2nd base
2-0: Ground out 4-3 (Groundball, 4, EV 88.1 MPH)
Jesus Sandoval to third
Batting: RHB Humberto Arizmendi 0-0: Called Strike
0-1: Ball
1-1: Foul Ball, location: 9LSF
1-2: Ball
2-2: Ball
3-2: Fly out, F8 (Line Drive, 8RM, EV 85.6 MPH)
Batting: RHB Ismael Luna 0-0: Ball
1-0: Called Strike
1-1: Fly out, F3 (Line Drive, 3, EV 70.0 MPH)
Bottom of the 1st over - 0 runs, 1 hit, 0 errors, 1 left on base; Los Angeles (DSL) 0 - Arizona (DSL) 0
TOP OF THE 2ND
Los Angeles (DSL) Angels batting - Pitching for Arizona (DSL) Diamondbacks Black : RHP Juan Alarcon
Batting: SHB David Ibarra 0-0: Bunt for hit to 23 - play at first, batter safe!
Batting: RHB Luis Rosado 0-0: Called Strike
0-1: Foul Ball, location: 7LSF
0-2: Strikes out swinging
Batting: RHB Luis Mellado 0-0: Ball
1-0: Called Strike
1-1: Ball
2-1: Grounds into double play, 3-6-3 (Groundball, 34S, EV 78.1 MPH)
Top of the 2nd over - 0 runs, 1 hit, 0 errors, 0 left on base; Los Angeles (DSL) 0 - Arizona (DSL) 0
BOTTOM OF THE 2ND
Arizona (DSL) Diamondbacks Black batting - Pitching for Los Angeles (DSL) Angels : RHP David Alcantara
Batting: SHB Juan Estrada 0-0: Ball
1-0: Foul Ball, location: 9LSF
1-1: Ball
2-1: Foul Ball, location: 9LDF
2-2: Ball
3-2: Foul Ball, location: 5F
3-2: Base on Balls
Batting: LHB Edgar Meza 0-0: Grounds into double play, 4-6-3 (Groundball, 4, EV 85.0 MPH)
Batting: RHB Juan Loret De Mola 0-0: Foul Ball, location: 23FF
0-1: Swinging Strike
0-2: Ball
1-2: Foul Ball, location: 5F
1-2: Ball
2-2: Foul Ball, location: 2F
2-2: Ball
3-2: Ground out 5-3 (Groundball, 56S, EV 83.1 MPH)
Bottom of the 2nd over - 0 runs, 0 hits, 0 errors, 0 left on base; Los Angeles (DSL) 0 - Arizona (DSL) 0
TOP OF THE 3RD
Los Angeles (DSL) Angels batting - Pitching for Arizona (DSL) Diamondbacks Black : RHP Juan Alarcon
Batting: LHB Ernesto Lara 0-0: Ball
1-0: Foul Ball, location: 2F
1-1: Ball
2-1: DOUBLE (Flyball, 78XD, EV 95.0 MPH)
Batting: SHB Christovan Spada 0-0: SINGLE (Line Drive, 5D, EV 101.3 MPH)
Ernesto Lara to third
Batting: RHB Juan Galarce 0-0: Foul Ball, location: 2F
0-1: Ball
1-1: Called Strike
1-2: Foul Ball, location: 2F
1-2: Foul Ball, location: 9LSF
1-2: Strikes out swinging
Batting: RHB Jesus Ramon 0-0: Ball
1-0: Foul Ball, location: 5FF
1-1: Ball
2-1: Ball
3-1: Base on Balls
Christovan Spada to second
Batting: SHB David Miramontes 0-0: Ball
1-0: Called Strike
1-1: Foul Ball, location: 2RF
1-2: Hit by Pitch
Ernesto Lara scores
Christovan Spada to third
Jesus Ramon to second
Batting: LHB David Ramon 0-0: Ball
1-0: Ball
2-0: Called Strike
2-1: Fly out, F8 (Flyball, 8RD, EV 90.6 MPH)
Runner from 3rd tags up, SCORES, no throw by CF
Batting: SHB David Ibarra 0-0: Fly out, F3 (Popup, 3, EV 77.5 MPH)
Top of the 3rd over - 2 runs, 2 hits, 0 errors, 2 left on base; Los Angeles (DSL) 2 - Arizona (DSL) 0
BOTTOM OF THE 3RD
Arizona (DSL) Diamondbacks Black batting - Pitching for Los Angeles (DSL) Angels : RHP David Alcantara
Batting: RHB Juan Troncoso 0-0: Ball
1-0: Ball
2-0: Ball
3-0: Called Strike
3-1: Foul Ball, location: 2F
3-2: Strikes out swinging
Batting: LHB Jesus Garza 0-0: Ball
1-0: DOUBLE (Flyball, 7D, EV 102.5 MPH)
Batting: LHB Jesus Sandoval 0-0: Ball
1-0: Foul Ball, location: 2F
1-1: Ball
2-1: Foul Ball, location: 3FF
2-2: Ball
3-2: Ground out 4-3 (Groundball, 4, EV 110.0 MPH)
Jesus Garza to third
Batting: SHB Juan Rosas 0-0: Called Strike
0-1: Foul Ball, location: 2F
0-2: Ball
1-2: Strikes out looking
Bottom of the 3rd over - 0 runs, 1 hit, 0 errors, 1 left on base; Los Angeles (DSL) 2 - Arizona (DSL) 0
TOP OF THE 4TH
Los Angeles (DSL) Angels batting - Pitching for Arizona (DSL) Diamondbacks Black : RHP Juan Alarcon
Batting: RHB Luis Rosado 0-0: Ball
1-0: Called Strike
1-1: Ball
2-1: Ball
3-1: Fly out, F7 (Flyball, 78D, EV 104.4 MPH)
Batting: RHB Luis Mellado 0-0: Foul Ball, location: 2F
0-1: Ball
1-1: Called Strike
1-2: Ball
2-2: Strikes out swinging, 2-3 out at first.
Batting: LHB Ernesto Lara 0-0: Called Strike
0-1: Foul Ball, location: 5FF
0-2: Ball
1-2: Strikes out swinging
Top of the 4th over - 0 runs, 0 hits, 0 errors, 0 left on base; Los Angeles (DSL) 2 - Arizona (DSL) 0
BOTTOM OF THE 4TH
Arizona (DSL) Diamondbacks Black batting - Pitching for Los Angeles (DSL) Angels : RHP David Alcantara
Batting: RHB Humberto Arizmendi 0-0: Ball
1-0: Called Strike
1-1: Ball
2-1: Ball
3-1: Ground out 5-3 (Groundball, 56, EV 108.8 MPH)
Batting: RHB Ismael Luna 0-0: Ball
1-0: Swinging Strike
1-1: SINGLE (Groundball, 56D, EV 100.0 MPH)
Batting: SHB Juan Estrada 0-0: Called Strike
0-1: Called Strike
Ismael Luna is caught stealing 2nd base 2-6
0-2: Foul Ball, location: 5F
0-2: Strikes out swinging
Bottom of the 4th over - 0 runs, 1 hit, 0 errors, 0 left on base; Los Angeles (DSL) 2 - Arizona (DSL) 0
TOP OF THE 5TH
Los Angeles (DSL) Angels batting - Pitching for Arizona (DSL) Diamondbacks Black : RHP Juan Alarcon
Batting: SHB Christovan Spada 0-0: Called Strike
0-1: Hit by Pitch
Batting: RHB Juan Galarce 0-0: Ball
1-0: Swinging Strike
1-1: Foul Ball, location: 9LSF
1-2: Ball
2-2: Ball
3-2: Strikes out swinging
Batting: RHB Jesus Ramon 0-0: Ball
1-0: Swinging Strike
1-1: Fly out, F8 (Flyball, 8RM, EV 88.1 MPH)
Batting: SHB David Miramontes 0-0: Foul Ball, location: 2F
0-1: Ball
1-1: Fly out, F8 (Line Drive, 8RM, EV 91.3 MPH)
Top of the 5th over - 0 runs, 0 hits, 0 errors, 1 left on base; Los Angeles (DSL) 2 - Arizona (DSL) 0
BOTTOM OF THE 5TH
Arizona (DSL) Diamondbacks Black batting - Pitching for Los Angeles (DSL) Angels : RHP David Alcantara
Batting: LHB Edgar Meza 0-0: Ball
1-0: Ball
2-0: Ball
3-0: Base on Balls
Batting: RHB Juan Loret De Mola 0-0: Foul Ball, location: 2F
0-1: Ball
1-1: Bunted foul
1-2: Ball
2-2: Ball
3-2: SINGLE (Line Drive, 6MD, EV 96.3 MPH)
Edgar Meza to second
Pitching: LHP Edgar Arellano
Batting: RHB Juan Troncoso 0-0: Ball
1-0: Called Strike
1-1: Sac Bunt by 23 - play at third, runner safe!
Juan Loret De Mola to second
Batting: RHB Alexis Avalos 0-0: Swinging Strike
0-1: Foul Ball, location: 9LSF
0-2: Ball
1-2: Foul Ball, location: 2F
1-2: SINGLE (Flyball, 3D, EV 88.8 MPH)
Edgar Meza scores
Juan Loret De Mola to third
Juan Troncoso to second
Batting: LHB Jesus Sandoval 0-0: Ball
1-0: Ball
2-0: Foul Ball, location: 5SF
2-1: Ball
3-1: Called Strike
3-2: SINGLE (Groundball, 6MD, EV 94.4 MPH)
Juan Loret De Mola scores
Juan Troncoso to third
Alexis Avalos to second
Batting: SHB Juan Rosas 0-0: Called Strike
0-1: Ball
1-1: Called Strike
1-2: Foul Ball, location: 9LSF
1-2: Strikes out swinging
Batting: RHB Humberto Arizmendi 0-0: Called Strike
0-1: SINGLE (Groundball, 6MS, EV 81.3 MPH) (infield hit)
Juan Troncoso scores
Alexis Avalos to third
Jesus Sandoval to second
Batting: RHB Ismael Luna 0-0: Grounds into double play, 1-2-3 (Groundball, 13S, EV 73.1 MPH)
Bottom of the 5th over - 3 runs, 4 hits, 0 errors, 2 left on base; Los Angeles (DSL) 2 - Arizona (DSL) 3
TOP OF THE 6TH
Los Angeles (DSL) Angels batting - Pitching for Arizona (DSL) Diamondbacks Black : RHP Juan Alarcon
DELAY Rain delay of 33 minutes in the 6th inning.
Batting: LHB David Ramon 0-0: Ground out 4-3 (Groundball, 4S, EV 88.8 MPH)
Batting: SHB David Ibarra 0-0: Ball
1-0: Ball
2-0: Ball
3-0: Base on Balls
Batting: RHB Luis Rosado 0-0: Ball
1-0: Ball
2-0: Swinging Strike
2-1: Foul Ball, location: 3F
2-2: Strikes out swinging
Batting: RHB Luis Mellado 0-0: Ball
1-0: Called Strike
1-1: Ball
2-1: Called Strike
David Ibarra steals 2nd base
2-2: Ball
3-2: Foul Ball, location: 2F
3-2: Fly out, F6 (Line Drive, 6D, EV 73.1 MPH)
Top of the 6th over - 0 runs, 0 hits, 0 errors, 1 left on base; Los Angeles (DSL) 2 - Arizona (DSL) 3
BOTTOM OF THE 6TH
Arizona (DSL) Diamondbacks Black batting - Pitching for Los Angeles (DSL) Angels : LHP Edgar Arellano
Pitching: RHP Juan Padilla
Batting: SHB Juan Estrada 0-0: Called Strike
0-1: Ball
1-1: Fly out, F7 (Line Drive, 7, EV 88.1 MPH)
Batting: LHB Edgar Meza 0-0: Ball
1-0: Foul Ball, location: 23F
1-1: SINGLE (Groundball, 3D, EV 103.1 MPH)
Batting: RHB Juan Loret De Mola 0-0: Ball
1-0: Ball
2-0: Ball
3-0: Called Strike
3-1: Sac Bunt to 2R - play at first, batter OUT! 2-3
Edgar Meza to second
Batting: RHB Juan Troncoso 0-0: DOUBLE (Groundball, 5L, EV 102.5 MPH)
Edgar Meza scores
Pitching: RHP Juan Romero
Batting: RHB Alexis Avalos 0-0: Swinging Strike
0-1: Swinging Strike
0-2: Ball
1-2: Ball
2-2: Strikes out swinging
Bottom of the 6th over - 1 run, 2 hits, 0 errors, 1 left on base; Los Angeles (DSL) 2 - Arizona (DSL) 4
TOP OF THE 7TH
Los Angeles (DSL) Angels batting - Pitching for Arizona (DSL) Diamondbacks Black : RHP Juan Alarcon
Pitching: RHP Julio Castellanos
Batting: LHB Ernesto Lara 0-0: Called Strike
0-1: Ball
1-1: Swinging Strike
1-2: Strikes out looking
Batting: SHB Christovan Spada 0-0: Ball
1-0: Ball
2-0: Swinging Strike
2-1: DOUBLE (Line Drive, 7LS, EV 96.9 MPH)
Batting: RHB Juan Galarce 0-0: Foul Ball, location: 2F
0-1: Swinging Strike
0-2: Fly out, F7 (Flyball, 78S, EV 84.4 MPH)
Pinch Hitting: LHB Alfredo Puglisi 0-0: Ball
1-0: Swinging Strike
1-1: Ball
2-1: Swinging Strike
2-2: Foul Ball, location: 3F
2-2: Strikes out swinging
Top of the 7th over - 0 runs, 1 hit, 0 errors, 1 left on base; Los Angeles (DSL) 2 - Arizona (DSL) 4
BOTTOM OF THE 7TH
Arizona (DSL) Diamondbacks Black batting - Pitching for Los Angeles (DSL) Angels : RHP Juan Romero
Now at 2B: Alfredo Puglisi
Batting: LHB Jesus Sandoval 0-0: Fly out, F8 (Flyball, 8RXD, EV 91.9 MPH)
Pitching: RHP Edgar Flores
Batting: SHB Juan Rosas 0-0: Ball
1-0: Ball
2-0: Foul Ball, location: 2F
2-1: Swinging Strike
2-2: Foul Ball, location: 23F
2-2: Strikes out swinging
Batting: RHB Humberto Arizmendi 0-0: Ground out 5-3 (Groundball, 56, EV 98.8 MPH)
Bottom of the 7th over - 0 runs, 0 hits, 0 errors, 0 left on base; Los Angeles (DSL) 2 - Arizona (DSL) 4
TOP OF THE 8TH
Los Angeles (DSL) Angels batting - Pitching for Arizona (DSL) Diamondbacks Black : RHP Julio Castellanos
Batting: SHB David Miramontes 0-0: Ball
1-0: Ball
2-0: Fly out, F4 (Popup, 13S, EV 91.9 MPH)
Batting: LHB David Ramon 0-0: Ball
1-0: Called Strike
1-1: Ball
2-1: Foul Ball, location: 7LMF
2-2: Foul Ball, location: 2F
2-2: Foul Ball, location: 2F
2-2: Ground out 4-3 (Groundball, 34D, EV 105.0 MPH)
Batting: SHB David Ibarra 0-0: Ball
1-0: Ball
2-0: Called Strike
2-1: Called Strike
2-2: Fly out, F7 (Flyball, 78S, EV 80.6 MPH)
Top of the 8th over - 0 runs, 0 hits, 0 errors, 0 left on base; Los Angeles (DSL) 2 - Arizona (DSL) 4
BOTTOM OF THE 8TH
Arizona (DSL) Diamondbacks Black batting - Pitching for Los Angeles (DSL) Angels : RHP Edgar Flores
Batting: RHB Ismael Luna 0-0: Swinging Strike
0-1: Ball
1-1: Ball
2-1: Ball
3-1: Swinging Strike
3-2: Foul Ball, location: 2F
3-2: Foul Ball, location: 2F
3-2: Base on Balls
Batting: SHB Juan Estrada 0-0: Called Strike
0-1: SINGLE (Groundball, 4MD, EV 95.0 MPH)
Ismael Luna to second
Batting: LHB Edgar Meza 0-0: Ball
1-0: Ball
2-0: Grounds into double play, 3-6-3 (Groundball, 34, EV 105.6 MPH)
Ismael Luna to third
Batting: RHB Juan Loret De Mola 0-0: Ground out 6-3 (Groundball, 6, EV 101.9 MPH)
Bottom of the 8th over - 0 runs, 1 hit, 0 errors, 1 left on base; Los Angeles (DSL) 2 - Arizona (DSL) 4
TOP OF THE 9TH
Los Angeles (DSL) Angels batting - Pitching for Arizona (DSL) Diamondbacks Black : RHP Julio Castellanos
Pitching: RHP Juan Murguia
Batting: RHB Luis Rosado 0-0: Ball
1-0: Called Strike
1-1: Ball
2-1: Foul Ball, location: 7LSF
2-2: Ball
3-2: Base on Balls
Batting: LHB Luis Romero 0-0: Ball
1-0: Called Strike
1-1: SINGLE (Groundball, 4MD, EV 96.9 MPH)
Luis Rosado to second
Batting: LHB Ernesto Lara 0-0: Ball
1-0: Ball
2-0: Ball
3-0: Called Strike
3-1: Base on Balls
Luis Rosado to third
Luis Romero to second
Batting: SHB Christovan Spada 0-0: Ball
1-0: Called Strike
1-1: Swinging Strike
1-2: Ball
2-2: Foul Ball, location: 3SF
2-2: Foul Ball, location: 3FF
2-2: Grounds into fielders choice 4-2 (Groundball, 4, EV 106.3 MPH)
Luis Romero to third
Ernesto Lara to second
Pinch Hitting: LHB Frank Brito 0-0: Ball
1-0: Ball
2-0: Called Strike
2-1: Swinging Strike
2-2: Ball
3-2: Strikes out swinging
Batting: LHB Alfredo Puglisi 0-0: Ball
1-0: Called Strike
1-1: Ball
2-1: Ball
3-1: Base on Balls
Luis Romero scores
Ernesto Lara to third
Christovan Spada to second
Pitching: LHP Juan Morales
Batting: SHB David Miramontes 0-0: Called Strike
0-1: Swinging Strike
0-2: Strikes out swinging
Top of the 9th over - 1 run, 1 hit, 0 errors, 3 left on base; Los Angeles (DSL) 3 - Arizona (DSL) 4
Friday, March 7th , 2025 - OOTP Baseball 25.11 Build 103